 Dungeon Crawl Stone Soup version 0.28-a0-895-g6e5f11bd55 (webtiles) character file.

Game seed: 9984266075861791003

90 vineage the Skirmisher (level 4, -2/29 HPs)
             Began as a Gargoyle Fighter on Nov 22, 2021.
             Killed by divine providence
             ... invoked by an orc priest
              (9 damage)
             ... on level 3 of the Dungeon.
             The game lasted 00:02:03 (1758 turns).

vineage the Skirmisher (Gargoyle Fighter)           Turns: 1758, Time: 00:02:03

Health: -2/29      AC: 16    Str: 20    XL:     4   Next: 56%
Magic:  4/4        EV:  6    Int:  8    God:
Gold:   80         SH:  4    Dex: 10    Spells: 3/3 levels left

rFire   . . .      SeeInvis .   a - +1 flail
rCold   . . .      Faith    .   c - +0 buckler
rNeg    + . .      Spirit   .   i - +0 plate armour
rPois   ∞          Reflect  .   k - +0 helmet
rElec   +          Harm     .   (no cloak)
rCorr   .          Rampage  .   (no gloves)
Will    .....                   (no boots)
Stlth   ..........              (no amulet)
HPRegen 0.09/turn               (no ring)
MPRegen 0.09/turn               (no ring)

@: no status effects
A: sickness immunity, AC +3, negative energy resistance 1, electricity
resistance, torment resistance 1, petrification resistance
a: no special abilities


You were on level 3 of the Dungeon.
You visited 1 branch of the dungeon, and saw 3 of its levels.

You collected 80 gold pieces.

Inventory:

Hand Weapons
 a - a +1 flail (weapon)
Armour
 b - a +0 scale mail
 c - a +0 buckler (worn)
 i - a +0 plate armour (worn)
 k - a +0 helmet (worn)
Potions
 d - a potion of might
 e - a potion of attraction {unknown}
 f - a potion of haste {unknown}
 g - a potion of lignification
 h - a potion of degeneration {unknown}
 m - a potion of resistance {unknown}


   Skills:
 * Level 4.2 Fighting
 * Level 2.9 Maces & Flails
 + Level 3.9 Armour
 + Level 3.8 Shields


You had 3 spell levels left.
You didn't know any spells.
Your spell library contained the following spells:

 Spells                   Type           Power      Damage    Failure   Level
 Animate Skeleton         Necr           0%         N/A       100%        1
 Apportation              Tloc           0%         N/A       100%        1
 Summon Small Mammal      Summ           0%         N/A       100%        1


Dungeon Overview and Level Annotations

Branches:
Dungeon (3/15)

Altars:
Cheibriados


Innate Abilities, Weirdness & Mutations

You are immune to sickness and miasma.
Your stone body is resilient. (AC +3)
You are immune to poison.
You resist negative energy. (rN+)
You are resistant to electric shocks. (rElec)
You are resistant to unholy torment.
You are immune to petrification.


Message History

You completely miss the orc.
The orc is severely wounded.
The orc closely misses you.
You barely miss the orc.
The orc is severely wounded.
The orc hits you but does no damage.
The orc priest looks encouraged for a moment.
You hit the orc.
You kill the orc!
A rat comes into view.
The orc priest invokes the aid of Beogh against you.
Beogh smites you!
An orc comes into view. It is wielding a +0 club.
The orc hits you with a +0 whip.
The orc shouts!
You closely miss the orc. The orc hits you but does no damage.
You barely miss the orc. The orc closely misses you.
You hit the orc.
The orc is lightly wounded.
You block the orc's attack.
You closely miss the orc.
The orc is lightly wounded.
The orc barely misses you.
The orc priest calls down the wrath of Beogh upon you.
Beogh smites you!
* * * LOW HITPOINT WARNING * * *
As you read the scroll labelled IPNASKOCUI, it crumbles to dust.
You speak a Word of immense power!
It was a scroll of holy word.
The orc hits you but does no damage.
Unknown command.
As you read the scroll labelled SIRIELUUNA, it crumbles to dust.
You assume a fearsome visage.
The worm looks frightened!
The rat looks frightened!
The orc looks frightened!
The orc priest looks frightened!
The orc looks frightened!
It was a scroll of fear.
The orc cries, "Mercy!"
There is an open door here.
The orc priest mumbles some strange prayers to Beogh against you.
Beogh smites you!
You die...

#. #.# #o### ######.# #.o..
#....#.# #.w.. #....#.# #....
#########....#.# #..o.
#.......#....#.# ##
###...w######.......#....#.#
#.
....o..o)o..'..@....'....'.#
#.
###.#########...(...#....#.##
#. #########....#..# #.
#....#..# #. ######..###.
#...### #.#.### #####......
...........


You could see an orc priest.

Vanquished Creatures
  A hound (D:2)
  2 dart slugs
  An orc (D:3)
  10 endoplasms
  A giant cockroach (D:2)
  2 goblins (D:2)
  9 hobgoblins
  4 kobolds
  2 quokkas (D:1)
  3 ball pythons
  5 bats
  2 frilled lizards (D:1)
  12 rats
54 creatures vanquished.

Notes
Turn   | Place    | Note
-------+----------+-------------------------------------------
     0 | D:1      | vineage the Gargoyle Fighter began the quest for the Orb.
     0 | D:1      | Reached XP level 1. HP: 14/14 MP: 1/1
    91 | D:1      | Reached XP level 2. HP: 14/19 MP: 2/2
   244 | D:1      | Found a faded altar of an unknown god.
   583 | D:1      | Reached XP level 3. HP: 21/24 MP: 3/3
  1064 | D:2      | Reached skill level 4 in Fighting
  1064 | D:2      | Reached XP level 4. HP: 28/29 MP: 4/4
  1450 | D:2      | Found a snail-covered altar of Cheibriados.
  1758 | D:3      | Killed from afar by an orc priest

Illustrated notes

Levels and vault maps discovered:
D:1:      co_arrival_hall_of_pillars, layout_loops_ring, basic_ecumenical_altar,
          serial_glass, glass_columns_c, glass_columns_c, glass_columns_b,
          glass_columns_a, glass_columns_b, minmay_misc_feat_diagonals,
          minmay_misc_feat_chi, minmay_misc_feat_x, dk_noncrumbling_4
D:2:      layout_rooms, basic_altar
D:3:      layout_basic

Skill      XL: |  1  2  3 |
---------------+----------+-----
Fighting       | 4 |  4.2
Maces & Flails | |  2.9
Armour         | |  3.9
Shields        | |  3.8

Action                   |  1- 3 |  4- 6 || total
-------------------------+-------+-------++-------
Melee: Flail             |    96 |    63 ||   159
  Use: Scroll            |     3 |     3 ||     6
Armor: Plate armour      |    76 |    39 ||   115
       Scale mail        |     4 |       ||     4
Dodge: Dodged            |    34 |    11 ||    45
Block: Buckler           |    20 |    13 ||    33

Table legend: (Time is in decaauts)
 A = Elapsed time spent in this place.
 B = Non-inter-level travel time spent in this place.
 C = Inter-level travel time spent in this place.
 D = Time resting spent in this place.
 E = Time spent auto-exploring this place.
 F = Levels seen in this place.
 G = Mean time per level.
                   A        B        C        D        E       F      G
               +--------+--------+--------+--------+--------+-----+--------+
         Total |   1802 |   1741 |     61 |      0 |   1332 |   3 |  600.7 |
       Dungeon |   1802 |   1741 |     61 |      0 |   1332 |   3 |  600.7 |
               +--------+--------+--------+--------+--------+-----+--------+

Top non-repeatable levels by time:
     D:1: 1030 daAuts
     D:2: 507 daAuts
     D:3: 264 daAuts
